AoeStats
← EMPEROR98265292

Fortress

508175614Analyzed
2v2 RM · 12d ago on Sep 21, 2026· 40m 36s· 4 players
Game mode
Random Map
Map size
Normal (6 player)
Population
200
Speed
Normal
Resources
Standard
Victory
Conquest
Starting age
Dark Age
Ending age
Imperial Age
RankedLock teamsTeams togetherTeam positionsShared explorationLock speedFull tech treeHidden civsTurbo modeCheats
Victory
Defeat
🇮🇹 Burgundians · Italy
1640
+11
🇮🇹 Italians · Italy
1409
+19
🇮🇳 Mongols · India
1526
-16
🇮🇳 Mapuche · India
1489
-14
EMPEROR98265292
8:01 Feudal Age
11:53 Castle Age
10:46 Double-Bit Axe
10:42 Horse Collar
11:39 Wheelbarrow
13:24 Loom
15:59 Bow Saw
16:47 Town Watch
19:44 Gold Mining
22:21 Forging
22:29 Pikeman
22:30 Elite Skirmisher
23:03 Fletching
23:50 Iron Casting
23:54 Ballistics
24:45 Bodkin Arrow
29:04 Imperial Age
26:40 Padded Archer Armor
27:23 Gold Shaft Mining
26:39 Stone Mining
28:19 Leather Archer Armor
29:41 Heavy Plow
30:17 Stone Shaft Mining
30:11 Butalmapu
30:26 Conscription
30:08 Malon
31:34 Ring Archer Armor
30:33 Elite Bolas Rider
33:06 Blast Furnace
32:41 Caravan
32:45 Elite Kona
35:23 Hoardings
38:30 Chemistry
Sanskari Ladka
7:08 Feudal Age
11:04 Castle Age
9:12 Double-Bit Axe
9:19 Horse Collar
12:16 Bow Saw
21:41 Loom
22:32 Wheelbarrow
22:27 Fletching
22:37 Padded Archer Armor
24:29 Bodkin Arrow
24:49 Leather Archer Armor
28:37 Ballistics
31:21 Imperial Age
29:38 Gold Mining
29:51 Heavy Plow
31:43 Hand Cart
32:04 Bracer
33:06 Chemistry
32:26 Elite Mangudai
33:43 Thumb Ring
36:59 Parthian Tactics
36:46 Bloodlines
36:36 Husbandry
39:51 Stone Mining
Null
1:53 Double-Bit Axe
4:15 Horse Collar
7:45 Feudal Age
11:33 Castle Age
10:20 Bow Saw
10:21 Heavy Plow
13:26 Wheelbarrow
15:42 Scale Barding Armor
16:19 Gold Mining
17:10 Husbandry
19:13 Hand Cart
19:00 Stone Mining
20:05 Chain Barding Armor
22:47 Stone Shaft Mining
22:48 Gold Shaft Mining
23:14 Two-Man Saw
22:05 Loom
28:06 Imperial Age
27:18 Forging
27:10 Town Watch
27:56 Crop Rotation
29:52 Chemistry
29:29 Plate Barding Armor
29:29 Iron Casting
29:16 Conscription
31:31 Hoardings
31:21 Capped Ram
31:45 Elite Coustillier
33:43 Coinage
33:13 Caravan
34:51 Burgundian Vineyards
36:15 Banking
35:56 Guilds
37:53 Blast Furnace
37:05 Fletching
37:36 Ballistics
37:37 Bombard Tower
36:58 Treadmill Crane
37:28 Masonry
37:34 Burgundian Vineyards
40:12 Bodkin Arrow
40:04 Arrowslits
Monesi28
7:09 Feudal Age
11:23 Castle Age
9:20 Double-Bit Axe
9:21 Horse Collar
10:51 Town Watch
10:52 Loom
10:55 Town Watch
13:43 Wheelbarrow
19:17 Gold Mining
22:09 Fletching
23:14 Bow Saw
26:23 Imperial Age
26:30 Imperial Age
25:58 Bodkin Arrow
26:27 Heavy Plow
27:35 Conscription
27:24 Bracer
27:25 Padded Archer Armor
28:28 Chemistry
29:33 Ballistics
29:24 Masonry
30:37 Two-Man Saw
30:09 Silk Road
30:29 Leather Archer Armor
30:15 Scale Mail Armor
30:55 Hand Cart
31:45 Forging
32:13 Masonry
31:59 Murder Holes
33:58 Chain Mail Armor
35:26 Hoardings
35:54 Elite Genoese Crossbowman
37:33 Caravan
37:44 Guilds
38:43 Ring Archer Armor
39:14 Fortified Wall
39:34 Architecture
39:22 Scale Barding Armor
Connection lost

Rejoining the realm…

Still unreachable

The connection could not be restored.

Session expired

The server has moved on; the page needs a fresh start.